Most Toxic DAK builds

Match 20078421
End
Royal Engineer Section
Construct Section Command Post
Infantry Section
Selects Heavy Armor Battlegroup
Dingo Light Scout Car
Infantry Section
Construct Platoon Command Post
Selects Light Vehicle Withdraw and Refit
Infantry Section
Construct Field Infirmary
6-pounder Anti-tank Gun Team
Selects Engineer Detachments
ML 3-inch Mortar Team
Construct Company Command Post
Selects Crusader AA Medium Tank
Matilda II Heavy Tank
6-pounder Anti-tank Gun Team
Crusader AA Medium Tank
Royal Engineer Section
Matilda II Heavy Tank
Selects Churchill Black Prince Heavy Tank
Churchill Black Prince Heavy Tank
Crusader II Medium Tank
Selects Radio Net
Armored Vehicle Training
Selects Recon Artillery
Recon Artillery
Infantry Section
AI Takeover
nub
Toiletguy
0
0

Comments sign in to comment!

No comments posted yet!